 Dungeon Crawl Stone Soup version 0.32-a0-995-gb4a59205af (webtiles) character file.

Game seed: 11378491901059135721

23189 ezpacito the Chopper (level 13, -4/88 HPs)
             Began as a Coglin Chaos Knight on Apr 22, 2024.
             Was a Plaything of Xom.
             Shot with a bolt by a yaktaur (11 damage)
             ... on level 14 of the Dungeon.
             The game lasted 00:19:36 (10264 turns).

ezpacito the Chopper (Coglin Chaos Knight)         Turns: 10264, Time: 00:19:37

Health: -4/88      AC: 14    Str: 23    XL:     13   Next: 5%
Magic:  19/19      EV: 12    Int: 14    God:    Xom [.*....]
Gold:   600        SH:  0    Dex: 10    Spells: 1/20 levels left

rFire   x . .        k - +10 morningstar "Eos" {elec, Halo rElec}
rCold   . . .        r - +10 spear of Laclury {distort, rCorr}
rNeg    . . .        G - +0 acid dragon scales
rPois   .            (helmet restricted)
rElec   +            U - +0 cloak
rCorr   +            K - +2 pair of gloves
SInv    .            (no boots)
Will    .....        (amulet unavailable)
Stlth   +            (ring unavailable)
HPRegen 0.34/turn    (ring unavailable)
MPRegen 0.16/turn    (no gizmo)

%: no passive effects
@: lethally poisoned (-4 -> -8), silenced, glowing
A: off-hand wielding, slow wielding, warmup strikes, no jewellery, horns 1,
iridescent scales 1, clever 1, clumsy 1, frail 1, strong 2, wild magic 2, heat
vulnerability 1
a: Invent Gizmo, Renounce Religion


You were on level 14 of the Dungeon.
You worshipped Xom.
You were a plaything of Xom.
You visited 2 branches of the dungeon, and saw 15 of its levels.
You also visited: Ossuary and Bailey.

You collected 768 gold pieces.
You spent 168 gold pieces at shops.

Inventory:

Hand Weapons
 k - the +10 morningstar "Eos" (weapon) {elec, Halo rElec}
   (You found it on level 3 of the Dungeon)

   Halo:      It grants its wielder a halo, revealing invisible creatures and
   increasing accuracy against all within it other than the wielder.
   rElec:     It insulates you from electricity.
 r - the +10 spear of Laclury (offhand) {distort, rCorr}
   (You bought it in a shop on level 3 of the Dungeon)

   rCorr:     It protects you from acid and corrosion.
 y - the +7 short sword "Death Rattle" {chaos, Dex+4}
   (Xom gifted it to you on level 5 of the Dungeon)

   Dex+4:     It affects your dexterity (+4).
 F - a +0 broad axe of chaos
 L - the +6 dagger of the Ageless Visions {antimagic, Str+2 Int+3}
   (You found it in a bailey)

   Str+2:     It affects your strength (+2).
   Int+3:     It affects your intelligence (+3).
Missiles
 a - 24 poisoned darts (quivered)
 R - 15 boomerangs
Armour
 n - a +0 helmet
 u - a +0 plate armour
 G - +0 acid dragon scales (worn)
 K - a +2 pair of gloves (worn)
 S - +1 steam dragon scales
 T - a +0 hat
 U - a +0 cloak (worn)
Magical Staves
 x - a staff of fire
 Q - a staff of death
Talismans
 c - a maw talisman
 f - a beast talisman
 J - a flux talisman
 M - a blade talisman
Wands
 j - a wand of flame (44)
 s - a wand of acid (6)
 v - a wand of charming (18)
 z - a wand of mindburst (37)
 D - a wand of digging (7)
 N - a wand of warping (5)
Scrolls
 i - a scroll of identify
 m - 3 scrolls of vulnerability
 o - 5 scrolls of noise
 t - 12 scrolls of teleportation
 w - 6 scrolls of poison
 B - a scroll of brand weapon
 I - 4 scrolls of amnesia
Potions
 b - 5 potions of ambrosia
 d - 3 potions of cancellation
 e - 2 potions of brilliance
 h - a potion of haste
 l - a potion of heal wounds
 p - 6 potions of lignification
 A - a potion of attraction
 E - 4 potions of enlightenment
 H - a potion of mutation
 P - a potion of magic


   Skills:
 * Level 7.6 Fighting
 * Level 7.8(9.6) Axes
 + Level 4.3(6.3) Maces & Flails
 * Level 6.3(7.9) Polearms
 + Level 3.2 Throwing
 * Level 6.7 Armour
 * Level 6.5 Dodging
 + Level 4.2 Stealth
 + Level 3.3 Unarmed Combat
 + Level 4.0 Spellcasting
 + Level 4.3 Conjurations
 + Level 3.3 Summonings
 + Level 3.1 Necromancy
 + Level 3.4 Translocations
 + Level 0.2 Fire Magic
 + Level 2.0 Air Magic
 + Level 5.0 Alchemy
 + Level 5.9 Evocations


You had one spell level left.
You knew the following spells:

 Your Spells              Type           Power      Damage    Failure   Level
a - Fulminant Prism       Conj/Alch      12%        3d8       52%         4
b - Summon Forest         Summ/Tloc      9%         N/A       94%         5
c - Magic Dart            Conj           92%        1d7       11%         1
d - Searing Ray           Conj           46%        2d6       14%         2
e - Ignite Poison         Fire/Alch      16%        N/A       77%         4
x - Mephitic Cloud        Conj/Alch/Air  21%        N/A       28%         3

Your spell library contained the following spells:

 Spells                   Type           Power      Damage    Failure   Level
 Cigotuvi's Dreadful Rot  Necr/Alch/Air  38%        N/A       19%         2
 Dazzling Flash           Conj/Hex       28%        N/A       45%         3
 Volatile Blastmotes      Fire/Tloc      24%        2d12      50%         3
 Iskenderun's Mystic Bla Conj/Tloc 21%            2d6        (+2d3     61%         4
 Inner Flame              Hex/Fire       5%         N/A       73%         3
 Sticky Flame             Fire/Alch      16%        2d5       77%         4
 Flame Wave               Conj/Fire      14%        2d6       82%         4
 Freezing Cloud           Conj/Ice/Air   7%         6-21      98%         5
 Silence                  Hex/Air        4%         N/A       99%         5
 Summon Mana Viper        Hex/Summ       12%        N/A       99%         5
 Starburst                Conj/Fire      7%         6d4       100%        6
 Summon Cactus Giant      Summ           9%         N/A       100%        6
 Rimeblight               Ice/Necr       5%         2d4       (prima100%   7


Dungeon Overview and Level Annotations

Branches:
Dungeon (14/15)            Temple (1/1) D:5            Lair (0/5) D:10
    Orc (0/2) D:10        Ossuary (visited)          Bailey (visited)
 Vaults: D:13-14

Altars:
Ashenzari
Cheibriados
Dithmenos
Elyvilon
Fedhas
Gozag
Hepliaklqana
Kikubaaqudgha
Makhleb
Nemelex Xobeh
Okawaru
Qazlal
Ru
Sif Muna
Trog
Uskayaw
Vehumet
Wu Jian
Xom
Yredelemnul
Zin
The Shining One

Shops:
D:3 (


Innate Abilities, Weirdness & Mutations

You can wield a second weapon in your off-hand.
It takes a long time for you to wield or remove held weapons.
Your first few attacks do less damage.
You cannot equip rings or amulets.
You have a pair of small horns on your head.
You are partially covered in iridescent scales. (AC +2)
Your mind is acute. (Int +4, Str/Dex -1)
You are clumsy. (Dex -2)
You are frail. (-10% HP)
Your muscles are very strong. (Str +8, Int/Dex -2)
Your spells are harder to cast, but more powerful.
You are vulnerable to heat. (rF-)


Message History

The deep elf pyromancer shouts!
The yaktaur shouts!
You hear a shout!
A deep elf archer comes into view. It is wielding a +0 dagger.
A deep elf zephyrmancer comes into view.
It is wielding a +0 long sword.
The yaktaur wields a +0 arbalest.
The yaktaur shoots a bolt.
The bolt barely misses you.
The deep elf pyromancer hits you with a +0 long sword.
You take 4 damage, and have 71/88 hp.
You hit the deep elf pyromancer with the +10 spear of Laclury.
The deep elf pyromancer is lightly wounded.
You sock the deep elf pyromancer with the +10 morningstar "Eos"!
Lightning courses through the deep elf pyromancer!!
The deep elf pyromancer blinks!
The deep elf archer enters a dispersal trap!
The deep elf pyromancer blinks!
The deep elf zephyrmancer blinks!
You blink.
An ogre comes into view. It is wielding a +0 giant spiked club.
The deep elf archer blinks!
A yaktaur comes into view.
A kobold brigand comes into view.
It is wielding a +0 short sword and quivering poisoned darts.
The deep elf pyromancer gestures at you while chanting.
The bolt of fire hits you!! The fire burns you terribly!
The yaktaur shoots a bolt.
The bolt hits you!
The ogre shouts!
You take 28 damage, and have 43/88 hp.
MASSIVE DAMAGE!!
As you read the scroll of silence, it crumbles to dust.
A profound silence engulfs you.
The deep elf archer unwields a +0 dagger.
The deep elf archer wields a +2 shortbow of freezing.
It is covered in frost.
The deep elf archer shoots an arrow.
The arrow hits you! The arrow freezes you.
The kobold brigand throws a poisoned dart.
The poisoned dart hits you!
You are poisoned.
A kobold demonologist comes into view. It is wielding a +0 dagger.
You take 10 damage, and have 33/88 hp.
You feel sick.
The yaktaur shoots a bolt.
The bolt hits you!!
* * * LOW HITPOINT WARNING * * *
You take 24 damage, and have 9/88 hp.
MASSIVE DAMAGE!!
You feel sick.
The yaktaur shoots a bolt.
The bolt hits you!
You die...
Xom howls with laughter!

,,,,##* *,*,#§#..#.#,*.# *#.....
,,,,* #..##§#..#K##K.# ##....
,,,,* *,#.§......K.#,* ##...
,,,** #######§#..#.##########...
,,** #.........................
*** #........e.K..........###.
#.#####e#..#.#####..### ##
#####.#,#.e.OO...cc#,#...# #
#.....#..##.#@.#.##..#...#*
##....#O*,#O#..#.#,*,#....#*
##....#,,*.##..##.*,,#.....#
**##.....#$....#..#....,#.....#*
,*#......#######..######*,,,,,,*
,#..#..........#..#..)..,,,,,,**
..###............###....,,,,,**
* .,* ##..........#####...,,,,**
** ,,* #<..........#####..,,,**
**,


You could see an ogre mage, a deep elf archer (repels missiles), 2 yaktaurs, a
deep elf pyromancer, a deep elf zephyrmancer, a kobold demonologist (wandering),
a kobold brigand, an ogre and a kobold.

Vanquished Creatures
  Gastronok (D:8)
  2 vault guards (Bailey)
  A rakshasa (D:14)
  A centaur warrior (D:13)
  4 two-headed ogres
  Pikel (D:8)
  2 deep elf pyromancers
  4 ugly things
  Maurice (D:8)
  2 unseen horrors
  A komodo dragon (D:12)
  Psyche (D:12)
  2 trolls
  Prince Ribbit (Bailey)
  A hornet (D:7)
  2 shadows
  A wyvern (D:8)
  4 wraiths
  28 yaks
  4 humans (Bailey)
  4 steam dragons
  3 vampire mosquitoes (D:10)
  Menkaure (D:7)
  4 acid dragons
  2 water moccasins
  4 orc warriors
  An ice beast (D:7)
  A black bear (D:6)
  6 centaurs
  2 phantoms
  A kobold brigand (D:10)
  11 bullfrogs (Bailey)
  2 scorpions
  2 water moccasin zombies (Ossuary)
  6 wights
  6 killer bees
  2 howler monkeys
  A bombardier beetle (D:5)
  3 hounds
  2 centaur zombies (Ossuary)
  A jelly (D:6)
  An orc priest (D:6)
  5 iguanas
  A scorpion zombie (Ossuary)
  2 sleepcaps (D:5)
  6 orc wizards
  Robin (D:1)
  9 gnolls
  5 adders
  A river rat (D:6)
  A shadow imp (D:7)
  2 white imps
  5 adder zombies (Ossuary)
  2 ribbon worms
  2 dart slugs
  18 orcs
  8 ball pythons
  7 endoplasms
  A giant cockroach (D:1)
  4 gnoll zombies (Ossuary)
  8 hobgoblins
  3 quokkas
  6 bats
  7 frilled lizards
  19 goblins
  2 goblin zombies (Ossuary)
  A hobgoblin zombie (Ossuary)
  7 kobolds
  3 orc zombies (Ossuary)
  4 rats
270 creatures vanquished.

Vanquished Creatures (collateral kills)
  2 yaks (D:12)
2 creatures vanquished.

Vanquished Creatures (others)
  A yak (D:10)
  An orc warrior (D:10)
  A gnoll sergeant (D:10)
3 creatures vanquished.

Grand Total: 275 creatures vanquished

Notes
Turn   | Place    | Note
-------+----------+-------------------------------------------
     0 | D:1      | ezpacito the Coglin Chaos Knight began the quest for the
                  | Orb.
     0 | D:1      | Reached XP level 1. HP: 18/18 MP: 1/1
   164 | D:1      | Reached skill level 1 in Dodging
   167 | D:1      | XOM: cloud trail
   199 | D:1      | XOM: noise
   323 | D:1      | Reached XP level 2. HP: 24/24 MP: 2/2
   827 | D:1      | Reached XP level 3. HP: 29/29 MP: 3/3
   886 | D:2      | Noticed Robin
   893 | D:1      | Killed Robin
  1045 | D:2      | Reached XP level 4. HP: 22/35 MP: 4/4
  1099 | D:2      | XOM: noise
  1153 | D:2      | Reached skill level 1 in Polearms
  1762 | D:3      | XOM: give mutation
  1762 | D:3      | Gained mutation: You are frail. (-10% HP) [Xom's mischief]
  1780 | D:3      | Found the +10 morningstar "Eos" {elec, Halo rElec}
  1833 | D:3      | XOM: give mutations
  1833 | D:3      | Gained mutation: You passively dampen the noise of your
                  | surroundings. [Xom's mischief]
  1833 | D:3      | Gained mutation: Your spells are a little harder to cast,
                  | but a little more powerful. [Xom's mischief]
  1834 | D:3      | Found Moriac's Antique Weapon Boutique.
  1842 | D:3      | Bought a dazzling spear for 168 gold pieces
  1842 | D:3      | Identified the +10 spear of Laclury {distort, rCorr} (You
                  | bought it in a shop on level 3 of the Dungeon)
  1902 | D:3      | Learned a level 4 spell: Fulminant Prism
  2034 | D:4      | Reached XP level 5. HP: 36/36 MP: 6/6
  2035 | D:4      | Found a hide-covered altar of Uskayaw.
  2035 | D:4      | Found a blossoming altar of Fedhas.
  2089 | D:4      | XOM: 2-stop teleportation journey
  2094 | D:4      | Reached skill level 1 in Spellcasting
  2526 | D:4      | Reached skill level 1 in Stealth
  2526 | D:4      | Reached XP level 6. HP: 43/43 MP: 7/7
  2538 | D:4      | Reached skill level 1 in Evocations
  2636 | D:5      | Entered Level 5 of the Dungeon
  2671 | D:5      | XOM: god gift: faintly glowing short sword {god gift}
  2671 | D:5      | Identified the +7 short sword "Death Rattle" {chaos, Dex+4}
                  | (Xom gifted it to you on level 5 of the Dungeon)
  2705 | D:5      | Reached skill level 1 in Alchemy
  2775 | D:5      | Reached XP level 7. HP: 47/47 MP: 7/9
  2965 | D:5      | Reached skill level 1 in Maces & Flails
  2965 | D:5      | Reached skill level 1 in Conjurations
  3047 | D:5      | XOM: divination: magic mapping
  3074 | D:5      | Found a staircase to the Ecumenical Temple.
  3127 | Temple   | Entered the Ecumenical Temple
  3138 | D:5      | XOM: god gift: 2 scrolls of teleportation
  3151 | D:5      | XOM: 2-stop teleportation journey
  3459 | D:6      | XOM: give mutation
  3459 | D:6      | Gained mutation: Your muscles are strong. (Str +4, Int/Dex
                  | -1) [Xom's grace]
  3494 | D:6      | XOM is BORED!
  3539 | D:6      | XOM: butterfly on damage
  3692 | D:6      | XOM: polymorph ice beast -> river rat
  3777 | D:6      | XOM: give mutations
  3777 | D:6      | Gained mutation: You have an increased reservoir of magic.
                  | (+10% MP) [Xom's grace]
  3777 | D:6      | Gained mutation: Your spells are harder to cast, but more
                  | powerful. [Xom's grace]
  3854 | D:6      | Reached XP level 8. HP: 54/54 MP: 11/11
  4358 | D:7      | XOM: destruction
  4415 | D:7      | Found a sand-covered staircase.
  4429 | Ossuary  | Entered an ossuary
  4565 | Ossuary  | Noticed a silent spectre
  4565 | Ossuary  | XOM: divination: detect creatures
  4664 | D:7      | Noticed a hornet
  4664 | D:7      | XOM: potion effect (haste)
  4667 | D:7      | Killed a hornet
  4668 | D:7      | Reached XP level 9. HP: 60/60 MP: 13/13
  4784 | D:7      | XOM: summons 3 friendly demons
  4789 | D:7      | Reached skill level 5 in Axes
  4792 | D:7      | Noticed Menkaure
  4799 | D:7      | Killed Menkaure
  4800 | D:7      | Reached skill level 5 in Fighting
  5031 | D:8      | Found a broken altar of Ashenzari.
  5176 | D:8      | XOM: 1-stop teleportation journey
  5223 | D:8      | XOM: blink monster(s)
  5242 | D:8      | XOM: give mutations
  5242 | D:8      | Gained mutation: You have a pair of small horns on your
                  | head. [Xom's grace]
  5242 | D:8      | Gained mutation: You are partially covered in iridescent
                  | scales. (AC +2) [Xom's grace]
  5296 | D:8      | Learned a level 5 spell: Summon Forest
  5298 | D:8      | Learned a level 1 spell: Magic Dart
  5301 | D:8      | Learned a level 2 spell: Searing Ray
  5329 | D:8      | Noticed Gastronok
  5329 | D:8      | XOM: summons 3 friendly demons
  5333 | D:8      | XOM: confuse monster(s)
  5338 | D:8      | XOM: scenery: summon butterflies
  5341 | D:8      | Killed Gastronok
  5342 | D:8      | Reached skill level 1 in Throwing
  5342 | D:8      | Reached skill level 1 in Unarmed Combat
  5367 | D:8      | Reached XP level 10. HP: 66/66 MP: 15/15
  5370 | D:8      | Reached skill level 1 in Summonings
  5370 | D:8      | Reached skill level 1 in Necromancy
  5370 | D:8      | Reached skill level 1 in Translocations
  5388 | D:8      | XOM: divination: detect creatures
  5507 | D:8      | Noticed Pikel
  5508 | D:8      | Killed Pikel
  5540 | D:8      | Noticed Maurice
  5541 | D:8      | XOM: divination: detect creatures
  5556 | D:8      | Maurice stole a staff of fire
  5562 | D:8      | Killed Maurice
  5698 | D:8      | Found a hazy altar of Hepliaklqana.
  5698 | D:8      | Found a shimmering blue altar of Sif Muna.
  5818 | D:8      | XOM: silly message
  5855 | D:8      | XOM is BORED!
  5855 | D:8      | XOM: noise
  5968 | D:9      | XOM: divination: detect items
  6025 | D:9      | Reached skill level 5 in Armour
  6068 | D:9      | XOM: noise
  6142 | D:9      | XOM: summons 6 hostile demons
  6143 | D:9      | Noticed an orange demon
  6143 | D:9      | Noticed a sun demon
  6147 | D:10     | Entered Level 10 of the Dungeon
  6175 | D:10     | Reached skill level 5 in Dodging
  6182 | D:10     | Found a radiant altar of Vehumet.
  6192 | D:10     | Noticed a two-headed ogre
  6203 | D:10     | Killed a two-headed ogre
  6204 | D:10     | Reached XP level 11. HP: 38/72 MP: 17/17
  6210 | D:10     | Found a staircase to the Lair.
  6215 | D:10     | Noticed a two-headed ogre
  6219 | D:10     | Killed a two-headed ogre
  6220 | D:10     | Reached skill level 5 in Polearms
  6223 | D:10     | XOM: silly message
  6235 | D:10     | XOM: 4-stop teleportation journey
  6246 | D:10     | XOM: stat loss: -1 Str (19/20)
  6336 | D:10     | Found a flagged portal.
  6372 | D:10     | Found a shimmering altar of Xom.
  6373 | D:10     | Identified the +0 leather armour of Efri {rElec}
  6398 | Bailey   | Entered a bailey
  6409 | Bailey   | XOM: confusion
  6416 | Bailey   | XOM: give mutations
  6416 | Bailey   | Lost mutation: You passively dampen the noise of your
                  | surroundings. [Xom's mischief]
  6416 | Bailey   | Lost mutation: You have a pair of small horns on your head.
                  | [Xom's mischief]
  6416 | Bailey   | Gained mutation: You passively map a small area around you.
                  | [Xom's mischief]
  6416 | Bailey   | Gained mutation: You are clumsy. (Dex -2) [Xom's mischief]
  6422 | Bailey   | Learned a level 3 spell: Mephitic Cloud
  6499 | Bailey   | Noticed a vault guard
  6503 | Bailey   | XOM: enchant monster (bad)
  6511 | Bailey   | Killed a vault guard
  6512 | Bailey   | XOM: give mutations
  6512 | Bailey   | Gained mutation: Your flesh is heat resistant. (rF+) [Xom's
                  | mischief]
  6512 | Bailey   | Lost mutation: You passively map a small area around you.
                  | [Xom's mischief]
  6512 | Bailey   | Lost mutation: Your flesh is heat resistant. (rF+) [Xom's
                  | mischief]
  6512 | Bailey   | Gained mutation: You are vulnerable to heat. (rF-) [Xom's
                  | mischief]
  6517 | Bailey   | XOM: stat loss: -1 Int (9/11)
  6536 | Bailey   | Noticed Prince Ribbit
  6536 | Bailey   | Noticed a vault guard
  6538 | Bailey   | Killed Prince Ribbit
  6542 | Bailey   | Killed a vault guard
  6551 | Bailey   | Identified the +6 dagger of the Ageless Visions {antimagic,
                  | Str+2 Int+3}
  6691 | D:10     | XOM: cloud trail
  6790 | D:10     | Found a staircase to the Orcish Mines.
  6798 | D:10     | XOM: summons friendly crimson imp
  6814 | D:10     | XOM: scenery: 1 doors close
  6941 | D:10     | Found a snail-covered altar of Cheibriados.
  7177 | D:10     | Reached skill level 5 in Evocations
  7744 | D:10     | Identified the +2 long sword of Irritation {freeze, rPois
                  | rC+ Dex+3}
  7778 | D:10     | Reached XP level 12. HP: 80/80 MP: 19/19
  7925 | D:11     | XOM: scenery: create altars
  8032 | D:11     | Noticed a boulder beetle
  8032 | D:11     | XOM: enchant monster (good)
  8049 | D:11     | Banished a boulder beetle
  8050 | D:11     | Reached skill level 1 in Air Magic
  8106 | D:11     | Noticed a two-headed ogre
  8109 | D:11     | XOM: 4-stop teleportation journey
  8145 | D:11     | Killed a two-headed ogre
  8206 | D:11     | XOM: enchant monster (good)
  8314 | D:11     | XOM: cloud trail
  8503 | D:11     | XOM: draining
  8545 | D:11     | XOM: give mutations
  8545 | D:11     | Gained mutation: Your mind is acute. (Int +4, Str/Dex -1)
                  | [Xom's grace]
  8545 | D:11     | Gained mutation: Your muscles are very strong. (Str +8,
                  | Int/Dex -2) [Xom's grace]
  8545 | D:11     | Gained mutation: You have a pair of small horns on your
                  | head. [Xom's grace]
  8545 | D:11     | Gained mutation: You passively map a small area around you.
                  | [Xom's grace]
  8548 | D:11     | XOM: summons friendly white imp
  8653 | D:11     | XOM: scenery: create altars
  8868 | D:12     | XOM: summons 12 friendly demons
  8920 | D:12     | Got the Elucidation of Evil and Embers
  8947 | D:12     | Noticed Psyche
  8949 | D:12     | Killed Psyche
  8962 | D:12     | XOM: cloud trail
  9132 | D:12     | XOM: give mutations
  9132 | D:12     | Lost mutation: You passively map a small area around you.
                  | [Xom's mischief]
  9132 | D:12     | Lost mutation: You have an increased reservoir of magic.
                  | (+10% MP) [Xom's mischief]
  9330 | D:13     | XOM: stealth player
  9460 | D:13     | XOM: summons 6 friendly demons
  9464 | D:13     | Noticed a centaur warrior
  9487 | D:13     | XOM: polymorph white imp -> lemure
  9490 | D:13     | Killed a centaur warrior
  9639 | D:13     | Found a stormy altar of Qazlal.
  9911 | D:13     | Noticed a two-headed ogre
  9914 | D:13     | Killed a two-headed ogre
  9915 | D:13     | Reached skill level 5 in Alchemy
 10022 | D:13     | Learned a level 4 spell: Ignite Poison
 10108 | D:13     | Reached XP level 13. HP: 87/87 MP: 19/19
 10198 | D:14     | Noticed a rakshasa
 10198 | D:14     | XOM: 3-stop teleportation journey
 10209 | D:14     | Killed a rakshasa
 10264 | D:14     | Shot with a bolt by a yaktaur

Illustrated notes

Levels and vault maps discovered:
D:1:      minmay_arrival_stone_box, layout_basic, nicolae_the_louvre
D:2:      layout_rooms, uniq_robin
D:3:      layout_basic, serial_shops, shop
D:4:      layout_gridville, mainiacjoe_overflow_large_starburst
D:5:      layout_loops_ring, temple_statues, kennysheep_generic_room_13
D:6:      layout_cave_pods
D:7:      layout_cave_pools, lightli_ossuary_entry_decrepit_ruins, uniq_menkaure
D:8:      layout_loops_cross, gammafunk_temple_overflow_elements,
          amcnicky_altar_gilded, uniq_gastronok, uniq_maurice, uniq_pikel
D:9:      layout_big_octagon
D:10:     layout_irregular_city, xom_confusion_cloud, slow_altar_2,
          nicolae_vehumet_radiance, lair_entry_dummy, orc_0_dummy,
          enter_bailey_5
D:11:     layout_long_grid
D:12:     layout_rooms, uniq_psyche
D:13:     layout_irregular_city, grunt_qazlal_clouds
D:14:     layout_cave_pods, hangedman_vaults_entry_quadrant_bands,
          gauntlet_entry_generic, hangedman_decor_diamond_cutter, serial_shops,
          shop, uniq_kirke
Temple:   eino_temple_water

Skill      XL: |  1  2  3  4  5  6  7  8  9 10 11 12 |
---------------+-------------------------------------+-----
Dodging        | 1 2 3 4 5 6 |  6.5
Armour         | 2 3 4 5 6 |  6.7
Polearms       | 1 2 3 4 5 6 |  6.3
Spellcasting   | 1 2 3 4 |  4.0
Stealth        | 1 2 3 4 |  4.2
Evocations     | 1 2 3 4 5 |  5.9
Alchemy        | 1 2 3 4 5 |  5.0
Axes           | 4 5 6 7 |  7.8
Fighting       | 4 5 6 7 |  7.6
Maces & Flails | 1 2 3 4 |  4.3
Conjurations   | 1 2 3 4 |  4.3
Throwing       | 1 2 3 |  3.2
Unarmed Combat | 1 2 3 |  3.3
Summonings     | 2 3 |  3.3
Necromancy     | 1 2 3 |  3.1
Translocations | 1 2 3 |  3.4
Air Magic      | 2 |  2.0
Fire Magic     | |  0.2

Action                     |  1- 3 |  4- 6 |  7- 9 | 10-12 | 13-15 || total
---------------------------+-------+-------+-------+-------+-------++-------
  Melee: Hand axe          |    54 |    39 |       |       |       ||    93
         Dagger            |    31 |       |       |       |       ||    31
         Trident           |    18 |    48 |       |       |       ||    66
         Spear             |       |    25 |    87 |   209 |    12 ||   333
         Morningstar       |       |    17 |    50 |   180 |    12 ||   259
         Headbutt          |       |       |     1 |    27 |     2 ||    30
  Evoke: Wand              |       |       |       |    14 |       ||    14
    Use: Scroll            |     1 |     6 |     6 |    17 |     3 ||    33
         Potion            |       |       |     1 |    16 |     1 ||    18
   Stab: Distracted        |       |       |     1 |       |       ||     1
         Confused          |       |       |     1 |       |       ||     1
 Armour: Leather armour    |    72 |    28 |    31 |       |       ||   131
         Steam dragon scal |       |       |       |   126 |       ||   126
         Acid dragon scale |       |       |       |    38 |    12 ||    50
  Dodge: Dodged            |    49 |    23 |    22 |   144 |     7 ||   245

Table legend: (Time is in decaauts)
 A = Elapsed time spent in this place.
 B = Non-inter-level travel time spent in this place.
 C = Inter-level travel time spent in this place.
 D = Time resting spent in this place.
 E = Time spent auto-exploring this place.
 F = Levels seen in this place.
 G = Mean time per level.
                   A        B        C        D        E       F      G
               +--------+--------+--------+--------+--------+-----+--------+
         Total |  10258 |   9335 |    923 |    141 |   7157 |  17 |  603.4 |
       Dungeon |   9780 |   8858 |    922 |    141 |   6980 |  14 |  698.6 |
        Temple |      1 |      1 |      0 |      0 |      0 |   1 |    1.0 |
       Ossuary |    202 |    202 |      0 |      0 |    102 |   1 |  202.0 |
        Bailey |    273 |    273 |      0 |      0 |     75 |   1 |  273.0 |
               +--------+--------+--------+--------+--------+-----+--------+

Top non-repeatable levels by time:
     D:1: 1006 daAuts
     D:8: 1002 daAuts
     D:6: 980 daAuts
    D:10: 948 daAuts
    D:13: 821 daAuts
    D:11: 814 daAuts
     D:5: 783 daAuts
     D:2: 670 daAuts
    D:12: 629 daAuts
     D:4: 611 daAuts
     D:7: 559 daAuts
     D:3: 455 daAuts
     D:9: 413 daAuts
  Bailey: 273 daAuts
 Ossuary: 202 daAuts
